 Dungeon Crawl Stone Soup version 0.15.2 (webtiles) character file.

209 hexophile the Firebug (level 5, -6/31 HPs)
             Began as a High Elf Fire Elementalist on June 24, 2015.
             Mangled by an ogre
             ... wielding a +0 giant club
              (14 damage)
             ... on Level 3 of the Dungeon.
             The game lasted 00:13:32 (4871 turns).

hexophile the Firebug (High Elf Fire Elementalist)  Turns: 4871, Time: 00:13:32

HP  -6/31        AC  3     Str  7      XL: 5   Next: 55%
MP  10/14        EV 13     Int 20      God:
Gold 152         SH  0     Dex 15      Spells:  4 memorised,  1 level left

rFire  . . .     SeeInvis .     (no weapon)
rCold  . . .     Clarity  .     a - +0 robe
rNeg   . . .     rCorr    .     (no shield)
rPois  .         rRot     .     (no helmet)
rElec  .         Spirit   .     (no cloak)
SustAb .         Warding  .     k - +0 pair of gloves
rMut   .         Stasis   .     (no boots)
Gourm  .                        (no amulet)
MR     .....                    (no ring)
                                (no ring)

@: not resistant to hostile enchantments, unstealthy
A: breathe flames 1
a: Breathe Fire


You were on level 3 of the Dungeon.
You were not hungry.

You visited 1 branch of the dungeon, and saw 4 of its levels.

You collected 152 gold pieces.

Inventory:

Hand weapons
 p - a +1 vampiric dagger
Armour
 a - a +0 robe (worn)
 k - a +0 pair of gloves (worn)
Comestibles
 d - a bread ration
 f - a meat ration
 j - 4 fruits
 m - 2 beef jerkies
Scrolls
 c - a scroll of identify
Potions
 g - a potion of haste {unknown}
 l - a potion of cure mutation {unknown}
 n - a potion of poison {unknown}
Books
 b - a book of Flames

   Spells                             Type                      Level
   *Flame Tongue                      Conjuration/Fire             1
   *Throw Flame                       Conjuration/Fire             2
   Conjure Flame                      Conjuration/Fire             3
   *Inner Flame                       Hexes/Fire                   3
   *Sticky Flame                      Conjuration/Fire             4
   Fireball                           Conjuration/Fire             5


   Skills:
 * Level 3.2 Dodging
 * Level 3.1 Stealth
 * Level 3.5 Spellcasting
 * Level 3.1 Conjurations
 + Level 0.2 Hexes
 * Level 4.1 Fire Magic


You had one spell level left.
You knew the following spells:

 Your Spells              Type           Power        Failure   Level  Hunger
a - Flame Tongue          Conj/Fire      ###..        2%          1    None
b - Throw Flame           Conj/Fire      ###...       4%          2    ##.....
c - Inner Flame           Hex/Fire       ##......     17%         3    ###....
d - Sticky Flame          Conj/Fire      ###.....     30%         4    ####...


Dungeon Overview and Level Annotations

Branches:
Dungeon (4/15)
 Temple: D:4-7

Altars:
Qazlal


Innate Abilities, Weirdness & Mutations

You can breathe flames.


Message History

There is a stone staircase leading up, spattered with blood here.
The ogre barely misses you.
You climb upwards.
There is a stone staircase leading down here.
Found 11 gold pieces.
The hobgoblin shouts!
You hit the hobgoblin.
The hobgoblin is lightly wounded.
The ogre barely misses you. The hobgoblin hits you with a club.
* * * LOW HITPOINT WARNING * * *
Casting: Flame Tongue
Confirm with . or Enter, or press ? or * to list all spells.
Aiming: Sticky Flame
Press: ? - help, Shift-Dir - straight line, f - ogre
Aim: an ogre, wielding a giant club The sticky flame hits the ogre.
The ogre is lightly wounded.
The ogre is covered in liquid flames!
The ogre burns!
The ogre hits you with a giant club!
You die...

###.# ..# #.#
....# #.# #.#
##### #.# #.#
#.# #.#
##############.#
#.#
...............#
#.# <..#######
#..# #.# ##.#
#..######.# #.#
#..g@O....# #.#
##.######## #.#
#.# #.# #.# #.#
#.#
#.###########.#
#........>....#
###############


You could see an ogre (burning) and a hobgoblin.

Vanquished Creatures
  The ghost of magipi the Firebug, an average TeFE (D:3)
  7 adders
  A worm (D:3)
  2 giant geckos
  An ooze (D:3)
  An orc (D:3)
  13 goblins
  10 hobgoblins
  A jackal (D:3)
  3 kobolds
  4 quokkas
  8 bats
  4 giant cockroaches
  3 giant newts
  8 rats
67 creatures vanquished.

Notes
Turn   | Place    | Note
--------------------------------------------------------------
     0 | D:1      | hexophile, the High Elf Fire Elementalist, began the quest for the Orb.
     0 | D:1      | Reached XP level 1. HP: 11/11 MP: 4/4
  1088 | D:1      | Reached XP level 2. HP: 17/17 MP: 3/6
  1102 | D:1      | Gained mutation: You can breathe flames. [potion of beneficial mutation]
  1596 | D:1      | Learned a level 2 spell: Throw Flame
  2531 | D:2      | Reached XP level 3. HP: 21/21 MP: 1/8
  2945 | D:2      | Learned a level 3 spell: Inner Flame
  2977 | D:2      | Found a stormy altar of Qazlal.
  3281 | D:3      | Reached XP level 4. HP: 23/27 MP: 6/12
  3673 | D:3      | Noticed magipi's ghost (average TeFE)
  3690 | D:3      | Killed magipi's ghost
  3690 | D:3      | Reached skill level 4 in Fire Magic
  3690 | D:3      | Reached XP level 5. HP: 3/31 MP: 1/14
  3908 | D:3      | Learned a level 4 spell: Sticky Flame
  4575 | D:4      | Noticed an ogre
  4871 | D:3      | Mangled by an ogre

Action                   |  1- 3 |  4- 6 || total
-------------------------+-------+-------++-------
Melee: Unarmed           |    27 |    29 ||    56
 Cast: Flame Tongue      |    71 |    56 ||   127
       Throw Flame       |     4 |     7 ||    11
       Inner Flame       |     1 |     1 ||     2
       Sticky Flame      |       |     2 ||     2
  Use: Potion            |     2 |     1 ||     3
       Scroll            |     2 |     3 ||     5
  Eat: Bread ration      |     1 |     1 ||     2
       Royal jelly       |     1 |       ||     1
       Meat ration       |     1 |       ||     1
